 Dungeon Crawl Stone Soup version 0.31.0-32-g396128a36d (webtiles) character file.

Game seed: 4593338943338401199

1708 Peloso the Carver (level 8, -1/70 HPs)
             Began as a Minotaur Fighter on Apr 6, 2024.
             Was a Believer of Okawaru.
             Slain by a troll (10 damage)
             ... on level 5 of the Dungeon.
             The game lasted 00:10:06 (4782 turns).

Peloso the Carver (Minotaur Fighter)                Turns: 4782, Time: 00:10:06

Health: -1/70      AC: 10    Str: 21    XL:     8   Next: 73%
Magic:  7/7        EV:  9    Int:  5    God:    Okawaru [**....]
Gold:   278        SH:  5    Dex: 12    Spells: 7/7 levels left

rFire   . . .        a - +0 long sword
rCold   . . .        d - +0 buckler
rNeg    . . .        c - +0 chain mail
rPois   .            (helmet currently unavailable)
rElec   .            (cloak currently unavailable)
rCorr   .            (gloves currently unavailable)
SInv    .            (boots currently unavailable)
Will    .....        (no amulet) Stlth
                     (no ring)
HPRegen 0.31/turn    (no ring)
MPRegen 0.10/turn

%: no passive effects
@: beast-form
A: beast (slay +1), horns 2, retaliatory headbutt
a: Begin Untransformation, Renounce Religion, Heroism


You were on level 5 of the Dungeon.
You worshipped Okawaru.
Okawaru was pleased with you.
You were a hulking beast.
You visited 2 branches of the dungeon, and saw 6 of its levels.

You collected 311 gold pieces.
You spent 33 gold pieces at shops.

Inventory:

Hand Weapons
 a - a +0 long sword (weapon)
Armour
 b - a +0 scale mail
 c - a +0 chain mail (worn)
 d - a +0 buckler (worn)
 l - a +0 pair of gloves
 q - a +1 hat
Talismans
 j - a beast talisman (active)
 v - a blade talisman
Wands
 g - a wand of flame (9)
Scrolls
 f - 2 scrolls of vulnerability {unknown}
 h - 3 scrolls of enchant weapon {unknown}
 i - 3 scrolls of noise {unknown}
 k - 2 scrolls of amnesia {unknown}
 m - a scroll of torment {unknown}
 n - a scroll of silence {unknown}
 p - a scroll of fog {unknown}
 t - a scroll of enchant armour {unknown}
Potions
 e - a potion of might
 o - a potion of ambrosia {unknown}
 r - a potion of brilliance {unknown}
 s - a potion of curing
 u - a potion of enlightenment {unknown}


   Skills:
 + Level 6.1 Fighting
 + Level 8.6 Long Blades
 + Level 6.8 Armour
 + Level 3.0 Dodging
 + Level 0.6 Stealth
 + Level 5.7 Shields
 + Level 2.3 Shapeshifting


You had 7 spell levels left.
You didn't know any spells.
Your spell library contained the following spells:

 Spells                   Type           Power      Damage    Failure   Level
 Magic Dart               Conj           0%         1d3       98%         1
 Searing Ray              Conj           0%         2d4       99%         2
 Sigil of Binding         Hex            0%         N/A       100%        3
 Dimensional Bullseye     Hex/Tloc       0%         N/A       100%        4
 Fulminant Prism          Conj/Alch      0%         3d5       100%        4
 Alistair's Intoxication  Alch           0%         N/A       100%        5
 Borgnjor's Vile Clutch   Necr/Erth      0%         N/A       100%        5
 Eringya's Noxious Bog    Alch           0%         4d6       100%        6
 Borgnjor's Revivificati  Necr           0%         N/A       100%        8
 Death's Door             Necr           0%         N/A       100%        9
 Call Canine Familiar     Summ           Unusable   N/A       N/A         3
 Haunt                    Necr/Summ      Unusable   N/A       N/A         7

Dungeon Overview and Level Annotations

Branches:
Dungeon (5/15)             Temple (1/1) D:4

Altars:
Ashenzari
Cheibriados
Dithmenos
Elyvilon
Fedhas
Gozag
Hepliaklqana
Makhleb
Nemelex Xobeh
Okawaru
Ru
Sif Muna
Trog
Uskayaw
Wu Jian
Xom
Yredelemnul
Zin

Shops:
D:5 *

Annotations:
D:3 3 runed translucent doors, Peloso's ghost, amateur MiFi; cfcfcfcfcf's ghost, amateur DsNe


Innate Abilities, Weirdness & Mutations

You are a hulking beast.
Your limbs bulge with bestial killing power. (Slay +1)
You have a pair of horns on your head.
You reflexively headbutt those who attack you in melee.


Message History

The troll barely misses you. The troll claws you. x2
You closely miss the troll.
The troll is heavily wounded.
The troll bites you! You block the troll's attack. The troll claws you!
You barely miss the troll. You headbutt the troll!
The troll is severely wounded.
The troll barely misses you. You furiously retaliate!
You headbutt the troll. The troll claws you!
* * * LOW HITPOINT WARNING * * *
The troll claws you but does no damage.
You hit the troll.
You headbutt the troll, but do no damage.
The troll is almost dead.
The troll bites you but does no damage. The troll claws you but does no damage.
The troll barely misses you.
You hit the troll but do no damage.
The troll is almost dead.
The troll misses you. The troll claws you but does no damage.
You block the troll's attack.
You closely miss the troll. You headbutt the troll.
The troll is almost dead.
You block the troll's attack. The troll claws you but does no damage.
The troll claws you.
* * * LOW HITPOINT WARNING * * *
You hit the troll but do no damage.
The troll is almost dead.
The troll barely misses you. You furiously retaliate!
You headbutt the troll. The troll claws you but does no damage.
The troll claws you!
* * * LOW HITPOINT WARNING * * *
You feel better. The troll barely misses you. You furiously retaliate!
You headbutt the troll. The troll barely misses you. x2
You closely miss the troll. Your headbutt misses the troll.
The troll is almost dead.
The troll bites you!
* * * LOW HITPOINT WARNING * * *
The troll claws you.
* * * LOW HITPOINT WARNING * * *
The troll claws you but does no damage.
You feel better. The troll bites you!
You die...

###.##......#.. ..# #.#...
##...###....#.$ ..# #...#. .##.##
#.##.#..##$.# ##.....
....####....# .$... #...#..
....#..#....# ... #......
............# #'# ##...#.
.......<###### #.# #..#..
.......##....###T# #...#.
......##......##h# #...##
.....##..#..#..'.# ##..#
......'...##...#.# ##..##
......'...##...#)# #....#
.....##..#..#..#'### ##...##
.....†##......##...### ##....#
#...##.##....##......#####.....#
....##..######..#.#..#..##.....#
.....#...##>#....#...#...####..##


You could see a troll.

Vanquished Creatures
  Sigmund (D:3)
  Menkaure (D:4)
  2 water moccasins (D:5)
  A black bear (D:4)
  3 ogres
  A centaur (D:3)
  A phantom (D:4)
  A gnoll sergeant (D:4)
  A vampire bat (D:4)
  A bombardier beetle (D:5)
  2 hounds (D:5)
  A jelly (D:5)
  An orc priest (D:3)
  A sleepcap (D:5)
  Jessica (D:3)
  3 iguanas (D:5)
  3 orc wizards
  5 gnolls
  5 adders
  A white imp (D:4)
  3 dart slugs
  3 fire bats (D:4)
  A ribbon worm (D:2)
  8 orcs
  2 spectral bats (D:4)
  15 bats
  3 bat skeletons (D:4)
  A bat zombie (D:4)
  2 endoplasms
  6 giant cockroaches
  7 goblins
  8 hobgoblins
  7 jackals
  8 kobolds
  3 quokkas
  8 ball pythons
  A bat simulacrum (D:4)
  4 frilled lizards
  7 rats
133 creatures vanquished.

Notes
Turn   | Place    | Note
-------+----------+-------------------------------------------
     0 | D:1      | Peloso the Minotaur Fighter began the quest for the Orb.
     0 | D:1      | Reached XP level 1. HP: 19/19 MP: 0/0
    96 | D:1      | Reached XP level 2. HP: 27/27 MP: 1/1
   154 | D:1      | You fall into a shaft and drop 1 floor!
   360 | D:2      | Found a faded altar of an unknown god.
   680 | D:2      | Reached XP level 3. HP: 33/33 MP: 2/2
   839 | D:2      | Reached skill level 3 in Long Blades
  1733 | D:3      | Reached XP level 4. HP: 40/40 MP: 3/3
  1739 | D:3      | Noticed a centaur
  1898 | D:3      | Killed a centaur
  1899 | D:3      | Reached skill level 1 in Dodging
  1899 | D:3      | Reached XP level 5. HP: 41/47 MP: 4/4
  1930 | D:3      | Reached skill level 4 in Long Blades
  1940 | D:3      | Found a runed translucent gate.
  1940 | D:3      | Found a runed translucent gate.
  2013 | D:3      | Found a runed translucent gate.
  2015 | D:3      | Noticed cfcfcfcfcf's ghost (amateur DsNe)
  2015 | D:3      | Noticed Peloso's ghost (amateur MiFi)
  2138 | D:3      | Reached skill level 5 in Armour
  2233 | D:3      | Noticed Jessica
  2243 | D:3      | Killed Jessica
  2252 | D:3      | Noticed Sigmund
  2420 | D:3      | Killed Sigmund
  2421 | D:3      | Reached skill level 5 in Long Blades
  2421 | D:3      | Reached skill level 1 in Shapeshifting
  2421 | D:3      | Reached XP level 6. HP: 45/53 MP: 5/5
  2641 | D:3      | Found a glowing silver altar of Zin.
  2890 | D:4      | Found a basalt altar of Yredelemnul.
  2971 | D:4      | Found a staircase to the Ecumenical Temple.
  2987 | Temple   | Entered the Ecumenical Temple
  3004 | Temple   | Became a worshipper of Warmaster Okawaru
  3026 | D:4      | Noticed Menkaure
  3033 | D:4      | Killed Menkaure
  3034 | D:4      | Reached XP level 7. HP: 28/60 MP: 6/6
  3182 | D:4      | Reached skill level 5 in Fighting
  3182 | D:4      | Reached skill level 6 in Long Blades
  3288 | D:4      | Reached * piety under Okawaru
  3366 | D:4      | Reached skill level 5 in Shields
  3931 | D:5      | Entered Level 5 of the Dungeon
  3965 | D:5      | Reached skill level 7 in Long Blades
  4072 | D:5      | Found Nauqaata's General Store.
  4074 | D:5      | Found Xaos's Specific Store.
  4086 | D:5      | Bought a potion of curing for 33 gold pieces
  4113 | D:4      | Reached XP level 8. HP: 69/69 MP: 7/7
  4536 | D:5      | Reached skill level 8 in Long Blades
  4643 | D:5      | Reached ** piety under Okawaru
  4758 | D:5      | Noticed a troll
  4781 | D:5      | HP: 3/70 [troll (1)]
  4782 | D:5      | Slain by a troll

Illustrated notes

Levels and vault maps discovered:
D:1:      giann_wishing_wells, layout_basic
D:2:      layout_loops_ring, dreamdust_ecumenical_altar_hidden_monk_grotto
D:3:      layout_rooms, old_standard_altar, gammafunk_ghost_cemetery,
          st_stairs_10, fountainhead, uniq_jessica, uniq_sigmund,
          uniq_crazy_yiuf_cottage
D:4:      layout_gridville, mainiacjoe_overflow_paths, temple_doors_e,
          goddamned_bats, uniq_menkaure
D:5:      minmay_polygon_palace, layout_cave_pools, nicolae_specific_store
Temple:   lightli_temple_of_artemis

Skill      XL: |  1  2  3  4  5  6  7  8 |
---------------+-------------------------+-----
Armour         | 4 5 6 |  6.8
Fighting       | 4 5 6 |  6.1
Long Blades    | 3 5 7 8 |  8.6
Dodging        | 1 2 3 |  3.0
Shields        | 4 5 |  5.7
Shapeshifting  | 1 2 |  2.3
Stealth        | |  0.6

Action                     |  1- 3 |  4- 6 |  7- 9 || total
---------------------------+-------+-------+-------++-------
  Melee: Long sword        |   123 |    79 |   176 ||   378
         Headbutt          |    12 |    12 |    42 ||    66
 Invoke: Heroism           |       |       |     1 ||     1
    Use: Scroll            |     2 |       |     1 ||     3
         Potion            |       |       |     2 ||     2
 Armour: Scale mail        |   100 |    30 |       ||   130
         Chain mail        |       |    29 |   213 ||   242
  Dodge: Dodged            |    53 |    52 |   114 ||   219
  Block: Buckler           |    27 |    27 |    59 ||   113
   Form: Beast             |     1 |       |       ||     1
